 Dungeon Crawl Stone Soup version 0.30-a0-371-gad7725a93e (webtiles) character file.

Game seed: 6939809515221288583

115938 Conn the Eclecticist (level 16, -1/91 HPs)
             Began as an Octopode Fire Elementalist on Nov 20, 2022.
             Was a High Priest of Sif Muna.
             Killed from afar by Jorgrun (60 damage)
             ... with an iron shot
             ... on level 1 of the Elven Halls.
             The game lasted 02:18:17 (27414 turns).

Conn the Eclecticist (Octopode Fire Elementalist)  Turns: 27414, Time: 02:18:18

Health: -1/91      AC:  1    Str:  7    XL:     16   Next: 70%
Magic:  17/37      EV: 14    Int: 32    God:    Sif Muna [*****.]
Gold:   1027       SH:  5    Dex: 16    Spells: 4/49 levels left

rFire   + + +      SeeInvis .    a - staff of fire
rCold   x . .      Faith    .    L - orb {guile}
rNeg    . . .      Spirit   .    D - +0 hat
rPois   .          Reflect  +    U - amulet of reflection
rElec   .          Harm     .    c - ring of willpower
rCorr   .          Rampage  .    y - ring of wizardry
Will    +....      Clarity  +    i - ring "Fynaezo" {Will+ Int+6}
Stlth   ++++......               F - ring of wizardry
HPRegen 0.35/turn                I - ring of fire
MPRegen 0.25/turn                J - ring of Interdependent Arising {Fly Dex+4}
                                 P - ring of protection from fire
                                 (no ring)

@: flying
A: almost no armour, amphibious, 8 rings, camouflage 1, gelatinous body 1,
(nimble swimmer 1), tentacles, clarity
a: Renounce Religion, Channel Magic, Forget Spell, Divine Exegesis


You were on level 1 of the Elven Halls.
You worshipped Sif Muna.
Sif Muna was extremely pleased with you.
You visited 5 branches of the dungeon, and saw 22 of its levels.
You also visited: Bailey.

You collected 2122 gold pieces.
You spent 1095 gold pieces at shops.

Inventory:

Hand Weapons
 b - the +10 hand axe "Oqarub" {vorpal, Will+ SInv}
   (You found it on level 12 of the Dungeon)

   It inflicts extra damage upon your enemies.
   SInv:      It lets you see invisible.
   Will:      It increases your willpower.
 v - a +3 sling of freezing
 H - the +9 dagger of Anxiety {freeze, Drain Str+2 Int+2}
   (You found it on level 12 of the Dungeon)

   It freezes those it strikes, dealing additional cold damage.
   It can also slow down cold-blooded creatures.
   Str:       It affects your strength (+2).
   Int:       It affects your intelligence (+2).
   Drain:     It drains your maximum health when unequipped.
Missiles
 k - 2 datura-tipped darts
 M - 4 curare-tipped darts
Armour
 D - a +0 hat (worn)
 L - an orb of guile (worn)
Magical Staves
 a - a staff of fire (weapon)
 O - a staff of poison
Jewellery
 c - a ring of willpower (left tentacle)
 i - the ring "Fynaezo" (on tentacle) {Will+ Int+6}
   (You bought it in a shop on level 2 of the Orcish Mines)

   [ring of willpower]

   Int:       It affects your intelligence (+6).
   Will:      It increases your willpower.
 r - an amulet of regeneration
 u - the amulet of Wiulute {RegenMP Stlth+}
   (You found it on level 2 of the Dungeon)

   [amulet of magic regeneration]

   It increases your rate of magic regeneration.
   Stlth:     It makes you more stealthy.
 y - a ring of wizardry (right tentacle)
 F - a ring of wizardry (on tentacle)
 I - a ring of fire (on tentacle)
 J - the ring of Interdependent Arising (on tentacle) {Fly Dex+4}
   (You found it on level 11 of the Dungeon)

   [ring of flight]

   Dex:       It affects your dexterity (+4).
   Fly:       It grants you flight.
 P - a ring of protection from fire (on tentacle)
 U - an amulet of reflection (around mantle)
 W - the amulet "Qorodeth" {Regen+ Stlth+}
   (You found it on level 5 of the Lair of Beasts)

   [amulet of regeneration]

   Regen:     It increases your rate of health regeneration.
   Stlth:     It makes you more stealthy.
Wands
 l - a wand of roots (7)
 n - a wand of polymorph (5)
 q - a wand of flame (116)
 C - a wand of quicksilver (4)
 R - a wand of mindburst (9)
Scrolls
 d - 5 scrolls of fear
 h - 5 scrolls of amnesia
 s - 6 scrolls of poison
 t - 7 scrolls of teleportation
 x - 2 scrolls of identify
 A - 6 scrolls of magic mapping
 B - 2 scrolls of summoning
 E - 2 scrolls of immolation
 G - 3 scrolls of fog
 N - a scroll of brand weapon
Potions
 e - 6 potions of mutation
 f - 5 potions of flight
 g - 3 potions of brilliance
 j - 2 potions of lignification
 m - a potion of heal wounds
 o - 4 potions of attraction
 p - 13 potions of curing
 w - a potion of resistance
 z - a potion of haste
 Q - a potion of might
 S - 2 potions of invisibility
 T - a potion of cancellation
Miscellaneous
 K - a phantom mirror
 V - a lightning rod (4/4)


   Skills:
 + Level 2.6 Fighting
 + Level 0.5 Staves
 + Level 1.1 Ranged Weapons
 + Level 4.0 Dodging
 - Level 5.0 Stealth
 + Level 0.1 Unarmed Combat
 * Level 17.0 Spellcasting
 * Level 13.8 Conjurations
 + Level 3.1 Hexes
 + Level 4.4 Summonings
 * Level 3.2 Translocations
 + Level 14.3 Fire Magic
 + Level 0.8 Ice Magic
 + Level 3.4 Air Magic
 + Level 4.6 Poison Magic
 + Level 8.2 Invocations
 + Level 0.9 Evocations


You had 4 spell levels left.
You knew the following spells:

 Your Spells              Type           Power      Damage    Failure   Level
a - Foxfire               Conj/Fire      100%       2x1d9     0%          1
b - Kindle Blastsparks    Fire/Tloc/Air  100%       2d18      1%          3
c - Inner Flame           Hex/Fire       100%       N/A       1%          3
d - Flame Wave            Conj/Fire      100%       2d21      1%          4
e - Scorch                Fire           100%       2d10      0%          2
f - Fireball              Conj/Fire      66%        3d25      1%          5
g - Call Canine Familiar  Summ           54%        N/A       1%          3
h - Hailstorm             Conj/Ice       65%        3d14      1%          3
i - Iskenderun's Battles  Conj           86%        2d13      1%          5
j - Orb of Destruction    Conj           43%        9d12      1%          7
k - Mephitic Cloud        Conj/Pois/Air  65%        N/A       1%          3
l - Dispersal             Tloc           24%        N/A       16%         6

Your spell library contained the following spells:

 Spells                   Type           Power      Damage    Failure   Level
 Magic Dart               Conj           100%       1d8       0%          1
 Searing Ray              Conj           100%       2d8       0%          2
 Apportation              Tloc           96%        N/A       1%          1
 Freeze                   Ice            100%       1d10      1%          1
 Kiss of Death            Conj/Necr      100%       2d13      1%          1
 Necrotise                Necr           100%       1d9       1%          1
 Slow                     Hex            100%       N/A       1%          1
 Sting                    Tmut/Pois      100%       1d8       1%          1
 Summon Small Mammal      Summ           100%       N/A       1%          1
 Cigotuvi's Dreadful Rot  Necr/Pois/Air  88%        N/A       1%          2
 Momentum Strike          Conj/Tloc      100%       3d10      1%          2
 Poisonous Vapours        Pois/Air       100%       N/A       1%          2
 Dazzling Flash           Conj/Hex       100%       N/A       1%          3
 Frozen Ramparts          Ice            64%        1d10      1%          3
 Gell's Gravitas          Tloc           48%        N/A       1%          3
 Lesser Beckoning         Tloc           96%        N/A       1%          3
 Portal Projectile        Hex/Tloc       94%        N/A       1%          3
 Teleport Other           Tloc           48%        N/A       1%          3
 Tukima's Dance           Hex            47%        N/A       1%          3
 Vhi's Electric Charge    Tloc/Air       96%        N/A       1%          3
 Fulminant Prism          Conj/Hex       34%        3d15      1%          4
 Leda's Liquefaction      Hex/Erth       18%        N/A       2%          4
 Ice Form                 Ice/Tmut       29%        N/A       3%          4
 Animate Dead             Necr           27%        N/A       4%          4
 Arcjolt                  Conj/Air       35%        1d45      1%          5
 Freezing Cloud           Conj/Ice/Air   30%        6-21      1%          5
 Irradiate                Conj/Tmut      32%        3d22      1%          5
 Lightning Bolt           Conj/Air       35%        1d53      1%          5
 Conjure Ball Lightning   Conj/Air       35%        3x3d11    1%          6
 Starburst                Conj/Fire      66%        6d17      1%          6
 Silence                  Hex/Air        24%        N/A       3%          5
 Iron Shot                Conj/Erth      32%        9d7       3%          6
 Alistair's Intoxication  Tmut/Pois      28%        N/A       4%          5
 Yara's Violent Unravell  Hex/Tmut       18%        3d9       6%          5
 Agony                    Necr           27%        N/A       11%         5
 Blade Hands              Tmut           13%        N/A       11%         5
 Borgnjor's Vile Clutch   Necr/Erth      13%        N/A       11%         5
 Lee's Rapid Deconstruct  Erth           13%        3d9*      11%         5
 Eringya's Noxious Bog    Tmut/Pois      21%        N/A       22%         6
 Simulacrum               Ice/Necr       14%        N/A       43%         6
 Statue Form              Tmut/Erth      18%        N/A       47%         6
 Enfeeble                 Hex            23%        N/A       61%         7
 Storm Form               Tmut/Air       19%        N/A       80%         7


Dungeon Overview and Level Annotations

Branches:
Dungeon (13/15)            Temple (1/1) D:6            Lair (5/5) D:11
  Swamp (0/4) Lair:2       Spider (0/4) Lair:3        Slime (0/5) Lair:4
    Orc (2/2) D:11            Elf (1/3) Orc:2        Vaults (0/5) D:13
 Bailey (visited)

Altars:
Ashenzari
Dithmenos
Elyvilon
Fedhas
Gozag
Kikubaaqudgha
Makhleb
Nemelex Xobeh
Qazlal
Sif Muna
Trog
Vehumet
Wu Jian
The Shining One
Jiyva

Shops:
D:10 *!   D:11 !   Orc:1 !   Orc:2 =*[(

Annotations:
Elf:1 Jorgrun


Innate Abilities, Weirdness & Mutations

You cannot wear most types of armour.
You are amphibious.
You can wear up to eight rings at the same time.
Your skin changes colour to match your surroundings (Stealth+).
Your rubbery body absorbs attacks. (AC +1, EV +1)
((You are camouflaged when in or above water. (Stealth+)))
You have tentacles for arms and can constrict up to eight enemies at once.
You possess an exceptional clarity of mind.


Message History

Jorgrun Earthshaker comes into view.
He is wielding a +0 vorpal quarterstaff.
Things that are here:
a +0 rapier; an elf corpse
Casting: Fireball (safe; 1% risk of failure)
Confirm with . or Enter, or press ? or * to list all spells.
Aiming: Orb of Destruction (dangerous; 1% risk of failure)
Press: ? - help, Shift-Dir - straight line, f - Jorgrun
Aim: Jorgrun, wielding a +0 vorpal quarterstaff and wearing a +1 robe Unknown command.
Casting: Orb of Destruction (dangerous; 1% risk of failure)
Confirm with . or Enter, or press ? or * to list all spells.
Aiming: Mephitic Cloud (safe; 1% risk of failure)
Press: ? - help, Shift-Dir - straight line, f/p - Jorgrun
Aim: Jorgrun, wielding a +0 vorpal quarterstaff and wearing a +1 robe (ally target, chance to affect: 29%)
The ball explodes into a vile cloud!
The stinking cloud engulfs Jorgrun but does no damage.
You hear a shout! x10
The orb of destruction hits Jorgrun!!!
Jorgrun is heavily wounded.
A deep elf pyromancer comes into view.
It is wielding a +0 short sword of flaming.
Jorgrun is engulfed in noxious fumes.
Jorgrun casts a spell next to you.
The wall shatters!
The blast of rock fragments hits you!!
The deep elf pyromancer shouts!
You hear a shout!
Unknown command.
Unknown command.
A deep elf archer comes into view. It is wielding a +0 short sword.
Jorgrun is engulfed in noxious fumes.
Jorgrun says, "'tis place shall be yer tomb!"
Unknown command.
Casting: Mephitic Cloud (safe; 1% risk of failure)
Confirm with . or Enter, or press ? or * to list all spells.
Aiming: Orb of Destruction (dangerous; 1% risk of failure)
Press: ? - help, Shift-Dir - straight line, f/p - Jorgrun
Aim: Jorgrun, wielding a +0 vorpal quarterstaff and wearing a +1 robe (noxious fumes, heavily wounded) Jorgrun is engulfed in noxious fumes.
Jorgrun gestures at you while chanting. The iron shot hits you!!!
Ouch! That really hurt!
You die...

#.#.........## #.
#.#.########.## #.##
#.#.###...###.###...##
.....#.###.###.#.....###
..#...#####.# #.........
##....#...#.# #.........
#.##.#...#.# #....○§°e.
#. ##.....#####)°*g§###
#. #..........@☼..§§.e
#............########.#
#................|..#..
##..####.....######.###
###++####.##### .#
.......##.# #
.......##.# #.###.###.
.#.###.#


You could see Jorgrun (ally target), a deep elf archer (repels missiles) and a
deep elf pyromancer.

Vanquished Creatures
  Gastronok (D:9)
  2 deep elf sorcerers (Elf:1)
  An orc warlord (Orc:2)
  3 dire elephants (Lair:5)
  Josephine (D:10)
  An ettin (Orc:1)
  A deep elf high priest (Elf:1)
  3 hydras
  The ghost of Conn the Thaumaturge, a journeyman OpFE (Lair:2)
  A vault guard (D:13)
  3 centaur warriors (D:13)
  5 boulder beetles
  16 death yaks
  6 two-headed ogres
  3 tengu warriors (D:13)
  The ghost of jehirs the Thaumaturge, a novice DjFE of Nemelex Xobeh (D:7)
  A dancing weapon (Elf:1)
  5 orc high priests
  Nergalle (D:10)
  A spectral dire elephant (Lair:5)
  5 spectral death yaks (Lair:5)
  A skeletal warrior (D:12)
  A spectral anaconda (Lair:5)
  A deep elf archer (Elf:1)
  An obsidian statue (Lair:5)
  11 wizards (D:12)
  3 necromancers (Lair:5)
  5 orc knights (Orc:2)
  5 deep elf pyromancers
  7 deep elf zephyrmancers
  2 cyclopes
  3 manticores (D:13)
  8 orc sorcerers
  2 ugly things
  A dire elephant zombie (Lair:5)
  21 elephants
  Maurice (Orc:2)
  5 black mambas
  Joseph (D:7)
  10 cane toads
  4 torpor snails
  An unseen horror (D:13)
  A gargoyle (D:10)
  Maggie (D:7)
  10 komodo dragons
  A rime drake (D:11)
  A kobold demonologist (D:12)
  6 polar bears
  7 trolls
  Prince Ribbit (Lair:3)
  5 slime creatures
  A hornet (D:10)
  26 blink frogs
  2 spectral elephants (Lair:5)
  2 shadows
  Sigmund (D:2)
  3 spriggans (Bailey)
  6 wraiths
  41 yaks
  7 wyverns
  A dire elephant simulacrum (Lair:5)
  5 vampires
  A water elemental (Elf:1)
  A fire elemental (Elf:1)
  An air elemental (Elf:1)
  A steam dragon (Bailey)
  3 hogs (D:11)
  3 basilisks
  A human (D:11)
  10 vampire mosquitoes
  Menkaure (D:7)
  A spectral cane toad (Lair:5)
  3 wargs
  29 water moccasins
  Duvessa (D:7)
  A black bear (Lair:1)
  46 orc warriors
  8 ice beasts
  A sky beast (D:7)
  8 ogres
  3 elephant zombies (Lair:5)
  21 wolves
  3 centaurs
  4 elephant skeletons (Lair:5)
  A phantom (D:7)
  2 kobold brigands
  2 necrophages
  3 cane toad simulacra (Lair:5)
  2 scorpions
  2 gnoll sergeants
  An earth elemental (Elf:1)
  14 bullfrogs
  8 wights
  Dowan (D:7)
  5 elephant simulacra (Lair:5)
  2 electric eels (Lair:2)
  A howler monkey (D:5)
  4 jellies
  9 hounds
  30 orc priests
  8 iguanas
  17 hell rats
  43 orc wizards
  Robin (D:2)
  8 gnolls
  24 adders
  2 ufetubi
  5 worms
  132 orcs
  10 ball pythons
  8 endoplasms
  2 giant cockroaches
  16 goblins
  5 hobgoblins
  12 kobolds
  3 quokkas
  7 bats
  14 frilled lizards
  4 rats
  A bush (Lair:3)
844 creatures vanquished.

Vanquished Creatures (collateral kills)
  2 yaks
  A basilisk (Lair:1)
  An orc warrior (Orc:1)
  A bullfrog (Lair:1)
  2 orcs (Orc:1)
  11 foxfires
18 creatures vanquished.

Vanquished Creatures (others)
  2240 foxfires
  26 fungi
  58 plants
  31 withered plants (Lair:5)
2355 creatures vanquished.

Grand Total: 3217 creatures vanquished

Notes
Turn   | Place    | Note
-------+----------+-------------------------------------------
     0 | D:1      | Conn the Octopode Fire Elementalist began the quest for the
                  | Orb.
     0 | D:1      | Reached XP level 1. HP: 11/11 MP: 3/3
   349 | D:1      | Reached XP level 2. HP: 17/17 MP: 0/5
   863 | D:1      | Reached XP level 3. HP: 21/21 MP: 3/6
   866 | D:1      | Learned a level 2 spell: Scorch
   870 | D:1      | Learned a level 3 spell: Kindle Blastsparks
  1051 | D:2      | Noticed Sigmund
  1310 | D:2      | Identified the amulet of Wiulute {RegenMP Stlth+}
  1561 | D:2      | Reached XP level 4. HP: 25/27 MP: 7/7
  1602 | D:2      | Noticed Robin
  1615 | D:2      | Killed Robin
  1806 | D:2      | Killed Sigmund
  1807 | D:2      | Reached skill level 3 in Spellcasting
  1807 | D:2      | Reached skill level 5 in Fire Magic
  1807 | D:2      | Reached XP level 5. HP: 17/31 MP: 2/10
  1807 | D:2      | Reached XP level 6. HP: 20/36 MP: 2/11
  2069 | D:3      | Found an ancient bone altar of Kikubaaqudgha.
  2286 | D:3      | Found a glowing golden altar of the Shining One.
  2321 | D:3      | Reached skill level 4 in Spellcasting
  2839 | D:4      | Found an ornate altar of the Wu Jian Council.
  2848 | D:4      | Reached XP level 7. HP: 41/41 MP: 9/13
  3095 | D:4      | Learned a level 3 spell: Inner Flame
  3100 | D:4      | Learned a level 4 spell: Flame Wave
  3172 | D:4      | Reached skill level 5 in Spellcasting
  3834 | D:5      | Entered Level 5 of the Dungeon
  3870 | D:5      | Reached XP level 8. HP: 39/46 MP: 10/15
  4340 | D:5      | Reached skill level 5 in Conjurations
  4341 | D:5      | Reached skill level 6 in Spellcasting
  4456 | D:5      | Found a broken altar of Ashenzari.
  4458 | D:5      | Found a white marble altar of Elyvilon.
  4575 | D:5      | Found an opulent altar of Gozag.
  4764 | D:5      | Reached XP level 9. HP: 25/51 MP: 11/19
  5866 | D:6      | Found a staircase to the Ecumenical Temple.
  5872 | Temple   | Entered the Ecumenical Temple
  5878 | Temple   | Became a worshipper of Sif Muna the Loreminder
  6143 | D:7      | Reached skill level 7 in Spellcasting
  6159 | D:7      | Noticed Joseph
  6230 | D:6      | Learned a level 5 spell: Fireball
  6234 | D:6      | Learned a level 3 spell: Call Canine Familiar
  6255 | D:7      | Reached skill level 1 in Air Magic
  6266 | D:7      | Reached skill level 1 in Poison Magic
  6470 | D:7      | Noticed Maggie
  6477 | D:7      | Killed Maggie
  6478 | D:7      | Reached skill level 1 in Translocations
  6708 | D:7      | Killed Joseph
  6708 | D:7      | Reached * piety under Sif Muna
  6709 | D:7      | Reached skill level 1 in Summonings
  6854 | D:7      | Found a runed translucent door.
  6854 | D:7      | Noticed jehirs's ghost (novice DjFE)
  7026 | D:7      | Noticed Menkaure
  7049 | D:7      | Killed Menkaure
  7050 | D:7      | Reached XP level 10. HP: 17/57 MP: 11/21
  7396 | D:8      | Learned a level 3 spell: Hailstorm
  7656 | D:7      | Killed jehirs's ghost
  7657 | D:7      | Reached skill level 1 in Ranged Weapons
  7657 | D:7      | Reached skill level 8 in Spellcasting
  7877 | D:7      | Noticed Duvessa
  7877 | D:7      | Noticed Dowan
  7882 | D:7      | Killed Duvessa
  7883 | D:7      | Reached skill level 1 in Fighting
  7885 | D:7      | Killed Dowan
  8722 | D:9      | Reached skill level 1 in Invocations
  8744 | D:9      | Found a stormy altar of Qazlal.
  8765 | D:9      | Noticed Gastronok
  8939 | D:9      | Found a flagged portal.
  8976 | D:9      | Reached ** piety under Sif Muna
  9002 | Bailey   | Entered a bailey
  9020 | Bailey   | Reached XP level 11. HP: 59/63 MP: 18/23
  9053 | Bailey   | Noticed a two-headed ogre
  9056 | Bailey   | Reached skill level 9 in Spellcasting
  9061 | Bailey   | Killed a two-headed ogre
  9137 | Bailey   | Gained mutation: You possess an exceptional clarity of
                  | mind. [potion of mutation]
  9240 | D:9      | Killed Gastronok
  9241 | D:9      | Reached skill level 1 in Hexes
  9302 | D:9      | Found a radiant altar of Vehumet.
  9339 | D:9      | Found a sparkling altar of Nemelex Xobeh.
  9869 | D:10     | Entered Level 10 of the Dungeon
  9960 | D:10     | Found a blossoming altar of Fedhas.
 10035 | D:10     | Noticed Josephine
 10209 | D:10     | Killed Josephine
 10417 | D:10     | Found Jatolegi's Distillery.
 10425 | D:10     | Bought a potion of heal wounds for 60 gold pieces
 10459 | D:10     | Learned a level 5 spell: Iskenderun's Battlesphere
 10650 | D:10     | Found a burning altar of Makhleb.
 10768 | D:10     | Noticed Nergalle
 10772 | D:10     | Killed Nergalle
 11105 | D:10     | Found Luakou's CLEARANCE SALE!.
 11204 | D:11     | Noticed a brown ugly thing
 11224 | D:11     | Killed a brown ugly thing
 11225 | D:11     | Reached skill level 10 in Spellcasting
 11225 | D:11     | Reached skill level 10 in Fire Magic
 11225 | D:11     | Reached skill level 5 in Invocations
 11284 | D:11     | Noticed a cyclops
 11294 | D:11     | Killed a cyclops
 11347 | D:11     | Reached XP level 12. HP: 61/69 MP: 18/26
 11382 | D:11     | Reached *** piety under Sif Muna
 11681 | D:11     | Found a staircase to the Orcish Mines.
 11782 | Orc:1    | Entered Level 1 of the Orcish Mines
 11788 | Orc:1    | Noticed an orc high priest
 11854 | D:11     | Found a staircase to the Lair.
 11867 | D:11     | Found Okoradod's Distillery.
 11883 | D:11     | Bought 2 potions of haste for 280 gold pieces
 11883 | D:11     | Bought a potion of lignification for 42 gold pieces
 11896 | D:11     | Noticed a boulder beetle
 11909 | D:11     | Killed a boulder beetle
 12004 | D:11     | Noticed a two-headed ogre
 12016 | D:11     | Killed a two-headed ogre
 12079 | D:11     | Noticed a two-headed ogre
 12086 | D:11     | Killed a two-headed ogre
 12134 | D:11     | Identified the ring of Interdependent Arising {Fly Dex+4}
 12210 | D:11     | Reached **** piety under Sif Muna
 12702 | Orc:1    | Killed an orc high priest
 12703 | Orc:1    | Reached skill level 11 in Spellcasting
 13009 | Orc:1    | Found Tefuis's Distillery.
 13410 | Orc:2    | Entered Level 2 of the Orcish Mines
 13417 | Orc:2    | Reached ***** piety under Sif Muna
 13433 | Orc:2    | Noticed an orc warlord
 13522 | Orc:2    | Found a staircase to the Elven Halls.
 13543 | Orc:2    | Noticed Maurice
 13729 | Orc:2    | Reached XP level 13. HP: 42/73 MP: 1/28
 13735 | Orc:2    | Killed Maurice
 13946 | Orc:2    | Received a gift from Sif Muna
 13947 | Orc:2    | Got Seunwa's Tome of Geometric Conjuration {god gift}
 14081 | Orc:1    | Noticed an ettin
 14476 | Orc:2    | Killed an orc warlord
 14971 | Orc:2    | Reached skill level 12 in Spellcasting
 15564 | Orc:2    | Received a gift from Sif Muna
 15565 | Orc:2    | Got Sif Muna's Precepts of Changing Bedrock {god gift}
 15782 | Orc:2    | Found Hutsyad's Antique Armour Shop.
 15783 | Orc:2    | Found Fyonases's Antique Weapon Boutique.
 15784 | Orc:2    | Found Pagemuxy's General Store.
 15784 | Orc:2    | Found Wulac's Jewellery Shop.
 15841 | Orc:2    | Bought the ring "Fynaezo" {Will+ Int+6} for 713 gold pieces
 16077 | Orc:1    | Killed an ettin
 16324 | Lair:1   | Entered Level 1 of the Lair of Beasts
 16339 | Lair:1   | Reached skill level 5 in Stealth
 16382 | Lair:1   | Reached skill level 10 in Conjurations
 16803 | Lair:1   | Learned a level 7 spell: Orb of Destruction
 16821 | Lair:1   | Reached XP level 14. HP: 43/81 MP: 22/30
 17427 | D:12     | Reached skill level 13 in Spellcasting
 17497 | D:12     | Found the +2 ratskin cloak {*Rats rPois rN+ Str-1 Int-1
                  | Dex+1}
 18159 | D:12     | Identified the +10 hand axe "Oqarub" {vorpal, Will+ SInv}
 18316 | D:12     | Identified the +9 dagger of Anxiety {freeze, Drain Str+2
                  | Int+2}
 18869 | D:12     | Identified the +1 long sword of Heme Oja {pain, Will+}
 18984 | D:12     | Received a gift from Sif Muna
 19021 | D:12     | Learned a level 3 spell: Mephitic Cloud
 19237 | D:13     | Reached skill level 14 in Spellcasting
 20178 | D:13     | Found a gate to the Vaults.
 20213 | D:13     | Reached XP level 15. HP: 86/86 MP: 23/33
 20870 | Lair:2   | Found a staircase to the Swamp.
 21000 | Lair:2   | Found a bloodstained altar of Trog.
 21149 | Lair:2   | Received a gift from Sif Muna
 21264 | Lair:2   | Got Sif Muna's Penultimate Guide to Rites and Rhymes {god
                  | gift}
 21476 | Lair:2   | Reached skill level 15 in Spellcasting
 21827 | Lair:2   | Found a runed translucent door.
 21833 | Lair:2   | Noticed Conn's ghost (journeyman OpFE)
 21843 | Lair:2   | Killed Conn's ghost
 22271 | Lair:3   | Found a hole to the Spider Nest.
 22441 | Lair:3   | Noticed Prince Ribbit
 22446 | Lair:3   | Received a gift from Sif Muna
 22451 | Lair:3   | Killed Prince Ribbit
 22463 | Lair:3   | Got Sif Muna's Incunable of the Energetic Oath {god gift}
 24040 | Lair:4   | Found a staircase to the Slime Pits.
 24046 | Lair:4   | Found a viscous altar of Jiyva.
 24528 | Lair:5   | Entered Level 5 of the Lair of Beasts
 24598 | Lair:5   | Reached skill level 16 in Spellcasting
 24600 | Lair:5   | Reached XP level 16. HP: 79/91 MP: 2/36
 25048 | Lair:5   | Received a gift from Sif Muna
 25051 | Lair:5   | Got Pes Goid's Volume of Blasphemous Arts and Execration
                  | {god gift}
 25820 | Lair:5   | HP: 1/91 [dire elephant zombie (7)]
 26499 | Lair:5   | Identified the amulet "Qorodeth" {Regen+ Stlth+}
 26783 | Lair:5   | Learned a level 6 spell: Dispersal
 26944 | Elf:1    | Entered Level 1 of the Elven Halls
 26962 | Elf:1    | Identified the +10 shortbow "Koud" {vorpal, rF++ Str-4
                  | Int+4 SInv Stlth-}
 27189 | Elf:1    | Reached skill level 17 in Spellcasting
 27409 | Elf:1    | Noticed Jorgrun
 27414 | Elf:1    | Killed from afar by Jorgrun

Illustrated notes

Levels and vault maps discovered:
D:1:      dpeg_arrival_round_b, layout_basic
D:2:      layout_loops_ring, uniq_sigmund, uniq_robin
D:3:      layout_basic, kiku_gazebo_pond_becter, mainiacjoe_overflow_alcove_2,
          hangedman_decor_points
D:4:      layout_basic, mainiacjoe_overflow_catwalk, minmay_lizard_king
D:5:      corexii_shack_village, layout_basic, nicolae_gozag_seed_capital,
          jmf_multi_god_temple, minmay_bent
D:6:      layout_rooms, minmay_temple_entry_fiery, corner_web_ring
D:7:      layout_loops_cross, gammafunk_ghost_grave, minmay_between,
          uniq_joseph, uniq_menkaure, uniq_maggie, uniq_duvessa
D:8:      layout_loops_ring, kennysheep_generic_room_12
D:9:      layout_basic, mainiacjoe_overflow_boulevard,
          grunt_temple_overflow_open, enter_bailey_8, kennysheep_small_square,
          uniq_gastronok
D:10:     layout_stronghold, fedhas_altar_1, lightli_temple_of_fire,
          serial_shops, nicolae_shop_statue_plus, nicolae_shop_clearance,
          uniq_nergalle, uniq_josephine
D:11:     layout_roguey, hellmonk_lair_entry_icy, david_orc_5, serial_shops,
          shop, grunt_livestock
D:12:     minmay_tri_stars, layout_loops_ring, billiards_dpeg
D:13:     layout_loops_ring, david_vaults_5, minmay_circle_x
Temple:   nicolae_temple_bog_church
Lair:1:   layout_misc_corridors, cheibrodos_lair_lostbears
Lair:2:   lemuel_reptile_caves, layout_small_grid, swamp_mist,
          ebering_ghost_reflecting_pool, basic_altar
Lair:3:   layout_small_grid, dummy_spider_entry, chequers_serial_rivers_room_a,
          st_stairs_8, lemuel_fruit_fields, grunt_megastairs_3,
          uniq_prince_ribbit2
Lair:4:   layout_cave_pods, minmay_slime_entry_pillars,
          infiniplex_staircase_pool
Lair:5:   due_jungle_book, layout_regular_city
Orc:1:    layout_caves, basic_altar, serial_shops, nicolae_diamond_shop,
          minmay_orc_keep
Orc:2:    st_orc_congregation, layout_caves, uniq_maurice
Elf:1:    layout_loops_ring, ebering_ghost_inner_flame,
          hangedman_corner_corridor, minmay_elf_demonology, uniq_jorgrun

Skill      XL: |  1  2  3  4  5  6  7  8  9 10 11 12 13 14 15 16 |
---------------+-------------------------------------------------+-----
Fire Magic     | 4 5 6 7 8 10 11 12 13 14 | 14.3
Conjurations   | 2 4 5 6 7 9 10 11 13 | 13.8
Stealth        | 3 4 5 |  5.0
Spellcasting   | 3 4 5 6 7 8 10 11 12 14 16 17 | 17.0
Air Magic      | 2 3 |  3.4
Poison Magic   | 3 4 |  4.6
Translocations | 1 2 3 |  3.2
Summonings     | 1 3 4 |  4.4
Ranged Weapons | 1 |  1.1
Fighting       | 1 2 |  2.6
Invocations    | 2 5 6 8 |  8.2
Hexes          | 1 2 3 |  3.1
Dodging        | 3 4 |  4.0
Staves         | |  0.5
Unarmed Combat | |  0.1
Ice Magic      | |  0.8
Evocations     | |  0.9

Action                   |  1- 3 |  4- 6 |  7- 9 | 10-12 | 13-15 | 16-18 || total
-------------------------+-------+-------+-------+-------+-------+-------++-------
Melee: Unarmed           |     9 |       |       |       |       |       ||     9
       Constrict         |     4 |     1 |     7 |     8 |     4 |     2 ||    26
       Tentacles         |     4 |     1 |    11 |     8 |     5 |     4 ||    33
       Staff             |       |     5 |    38 |    31 |    14 |     9 ||    97
       Punch             |       |       |     4 |       |       |       ||     4
       Sling             |       |       |     2 |       |       |       ||     2
 Fire: Sling             |       |       |    13 |     4 |       |       ||    17
 Cast: Foxfire           |    75 |   103 |   267 |   257 |   538 |    53 ||  1293
       Scorch            |     2 |    13 |    41 |   126 |   186 |    39 ||   407
       Flame Wave        |       |       |     6 |    22 |    77 |    30 ||   135
       Inner Flame       |       |       |     5 |    36 |    36 |     5 ||    82
       Kindle Blastspark |       |       |     4 |       |     1 |       ||     5
       Call Canine Famil |       |       |     9 |    18 |    19 |     3 ||    49
       Fireball          |       |       |     1 |    35 |    68 |    54 ||   158
       Hailstorm         |       |       |       |    22 |     3 |       ||    25
       Iskenderun's Batt |       |       |       |     9 |     7 |       ||    16
       Mephitic Cloud    |       |       |       |       |    11 |     8 ||    19
       Orb of Destructio |       |       |       |       |    17 |    20 ||    37
Invok: Channel Magic     |       |       |       |       |     4 |     2 ||     6
Evoke: Wand              |       |       |     1 |     1 |     4 |       ||     6
  Use: Scroll            |     1 |     2 |    14 |    12 |     6 |       ||    35
       Potion            |       |     1 |     5 |     6 |     9 |     7 ||    28
 Stab: Sleeping          |       |     1 |     1 |     2 |       |       ||     4
       Invisible         |       |       |       |       |     2 |       ||     2
Armor: Skin              |     1 |     1 |     2 |     7 |    17 |     3 ||    31
Dodge: Dodged            |    14 |     7 |    45 |    63 |    88 |    46 ||   263
Block: Orb               |       |       |       |       |       |     1 ||     1

Table legend: (Time is in decaauts)
 A = Elapsed time spent in this place.
 B = Non-inter-level travel time spent in this place.
 C = Inter-level travel time spent in this place.
 D = Time resting spent in this place.
 E = Time spent auto-exploring this place.
 F = Levels seen in this place.
 G = Mean time per level.
                   A        B        C        D        E       F      G
               +--------+--------+--------+--------+--------+-----+--------+
         Total |  27352 |  26650 |    702 |   2395 |  15667 |  23 | 1189.2 |
       Dungeon |  15827 |  15342 |    485 |   1402 |   9384 |  13 | 1217.5 |
        Temple |     12 |     12 |      0 |      0 |      0 |   1 |   12.0 |
          Lair |   7262 |   7068 |    194 |    618 |   4433 |   5 | 1452.4 |
  Orcish Mines |   3585 |   3563 |     22 |    359 |   1557 |   2 | 1792.5 |
   Elven Halls |    469 |    469 |      0 |      0 |    281 |   1 |  469.0 |
        Bailey |    194 |    194 |      0 |     16 |     12 |   1 |  194.0 |
               +--------+--------+--------+--------+--------+-----+--------+

Top non-repeatable levels by time:
   Orc:2: 2449 daAuts
  Lair:5: 2280 daAuts
    D:12: 1810 daAuts
    D:11: 1608 daAuts
     D:5: 1560 daAuts
  Lair:3: 1510 daAuts
    D:13: 1409 daAuts
     D:7: 1354 daAuts
    D:10: 1338 daAuts
  Lair:2: 1317 daAuts
     D:1: 1136 daAuts
   Orc:1: 1135 daAuts
  Lair:1: 1119 daAuts
  Lair:4: 1034 daAuts
     D:4: 1032 daAuts
